 Dungeon Crawl Stone Soup version 0.25-a0-96-g4073cf80fb (webtiles) character file.

Game seed: 16048269375743851508, levelgen mode: deterministic

87 vurker the Magician (level 4, -2/32 HPs)
             Began as a Mummy Fire Elementalist on Nov 11, 2019.
             Slain by a goblin
             ... wielding a +0 dagger
              (3 damage)
             ... on level 3 of the Dungeon.
             The game lasted 00:04:00 (2534 turns).

vurker the Magician (Mummy Fire Elementalist)       Turns: 2534, Time: 00:04:01

Health: -2/32      AC:  2    Str: 11    XL:     4   Next: 28%
Magic:  2/9        EV: 12    Int: 15    God:
Gold:   45         SH:  0    Dex: 12    Spells: 9/10 levels left

rFire    x . .     SeeInvis .   e - +0 dagger
rCold    + . .     Gourm    .   (no shield)
rNeg     + + +     Faith    .   a - +0 robe
rPois    ∞         Spirit   .   (no helmet)
rElec    .         Reflect  .   (no cloak)
rCorr    .         Harm     .   (no gloves)
MR       .....                  (no boots)
Stlth    ++........             (no amulet)
HPRegen  0.10/turn              (no ring)
MPRegen  0.11/turn              (no ring)

@: very slightly contaminated, slowed, very slow
A: no food or potions, fire vulnerability, cold resistance 1, negative energy
resistance 3, torment resistance, unbreathing
a: no special abilities


You were on level 3 of the Dungeon.
You were not hungry.

You visited 1 branch of the dungeon, and saw 3 of its levels.

You collected 45 gold pieces.

Inventory:

Hand Weapons
 e - a +0 dagger (weapon)
   (You took it off a goblin on level 1 of the Dungeon)
Armour
 a - a +0 robe (worn)
Scrolls
 b - a scroll of teleportation
 c - a scroll of immolation


   Skills:
 + Level 1.1 Fighting
 - Level 1.5 Dodging
 - Level 1.5 Stealth
 * Level 3.9 Spellcasting
 * Level 1.8 Conjurations
 * Level 3.0 Fire Magic


You had 9 spell levels left.
You knew the following spells:

 Your Spells              Type           Power        Failure   Level  Hunger
a - Flame Tongue          Conj/Fire      ##...        7%          1    N/A

Your spell library contained the following spells:

 Spells                   Type           Power        Failure   Level  Hunger
 Throw Flame              Conj/Fire      ##....       10%         2    N/A
 Conjure Flame            Conj/Fire      ##......     21%         3    N/A
 Inner Flame              Hex/Fire       #.......     28%         3    N/A
 Sticky Flame             Conj/Fire      ##......     54%         4    N/A
 Fireball                 Conj/Fire      ##........   88%         5    N/A

Dungeon Overview and Level Annotations

Branches:
Dungeon (3/15)

Altars:

Annotations:
D:3 Natasha


Innate Abilities, Weirdness & Mutations

You do not eat or drink.
Your flesh is vulnerable to fire.
You are immune to poison.
Your flesh is cold resistant. (rC+)
You are immune to negative energy. (rN+++)
You are immune to unholy pain and torment.
You can survive without breathing.


Message History

You can't see any susceptible monsters within range! (Use Z to cast anyway.)
You can't see any susceptible monsters within range! (Use Z to cast anyway.)
A goblin and Natasha come into view.
Natasha hisses angrily.
You can't see any susceptible monsters within range! (Use Z to cast anyway.)
A goblin comes into view. It is wielding a +0 dagger.
Aim: Natasha, carrying a wand of random effects (14)
The flame tongue misses Natasha.
The goblin shouts!
Aim: Natasha, carrying a wand of random effects (14)
The flame tongue hits Natasha.
Natasha casts a spell at you. The magic dart hits you!
Aim: Natasha, carrying a wand of random effects (14) (lightly wounded)
You miscast Flame Tongue.
You are very lightly contaminated with residual magic.
Nothing appears to happen.
Natasha barely misses you.
Aim: Natasha, carrying a wand of random effects (14) (lightly wounded)
The flame tongue hits Natasha.
The goblin hits you but does no damage. Natasha claws you.
Aim: Natasha, carrying a wand of random effects (14) (moderately wounded)
The flame tongue hits Natasha.
The goblin hits you but does no damage. Natasha misses you.
The goblin unwields a +0 dagger.
The goblin wields a +0 hunting sling.
The goblin shoots a stone.
The stone closely misses you.
Aim: Natasha, carrying a wand of random effects (14) (moderately wounded)
The flame tongue hits Natasha but does no damage.
The goblin closely misses you. Natasha casts a spell at you.
The magic dart hits you!
* * * LOW HITPOINT WARNING * * *
The goblin shoots a stone.
The stone hits you.
* * * LOW HITPOINT WARNING * * *
Natasha casts a spell at you.
You feel yourself slow down.
You see here a stone.
The goblin shoots a stone.
The stone hits you.
* * * LOW HITPOINT WARNING * * *
The goblin hits you with a +0 dagger.
* * * LOW HITPOINT WARNING * * *
You see here a stone.
Aim: Natasha, carrying a wand of random effects (14) (moderately wounded)
The flame tongue hits Natasha.
Natasha howls an incantation.
You feel troubled. Natasha barely misses you.
The goblin hits you but does no damage. x2
Natasha misses you.
Aim: Natasha, carrying a wand of random effects (14) (severely wounded)
The flame tongue hits Natasha.
The goblin hits you with a +0 dagger.
You die...

...........#.# #.#+###
...........#.# #......
...........#.# #......
.........#.# #......
#......#.# #......
#......#.# #.#....
#...(g.#.########.#.#.#
##....h##.....#......#..
........g@......#.##.#####
........(.......'..#......
############....##########
..>............
###############


You could see Natasha and 2 goblins.

Vanquished Creatures
  3 adders (D:2)
  2 oozes (D:1)
  2 worms (D:2)
  A dart slug (D:2)
  3 giant cockroaches (D:1)
  6 goblins
  8 hobgoblins
  4 jackals (D:1)
  A bat (D:1)
  3 frilled lizards
  5 kobolds
  9 rats
47 creatures vanquished.

Notes
Turn   | Place    | Note
-------+----------+-------------------------------------------
     0 | D:1      | vurker the Mummy Fire Elementalist began the quest for the
                  | Orb.
     0 | D:1      | Reached XP level 1. HP: 13/13 MP: 4/4
   168 | D:1      | Reached skill level 1 in Conjurations
   280 | D:1      | Reached XP level 2. HP: 10/19 MP: 1/6
   653 | D:1      | HP: 1/20 [jackal (1)]
  1149 | D:1      | Reached XP level 3. HP: 25/25 MP: 0/7
  1917 | D:2      | Reached skill level 1 in Fighting
  1963 | D:2      | Reached XP level 4. HP: 28/32 MP: 6/9
  2521 | D:3      | Noticed Natasha
  2531 | D:3      | HP: 1/32 [goblin/+0 dagger (1)]
  2534 | D:3      | Slain by a goblin

Levels and vault maps discovered:
D:1:      nicolae_arrival_washed_ashore, layout_loops_corners
D:2:      layout_rooms, first_ration
D:3:      layout_basic, trog_eyes_of_draining, uniq_natasha, uniq_ijyb

Skill      XL: |  1  2  3  4 |
---------------+-------------+-----
Conjurations   | 1 |  1.8
Spellcasting   | 3 |  3.9
Fighting       | 1 |  1.1
Fire Magic     | 3 |  3.0
Dodging        | |  1.5
Stealth        | |  1.5

Action                   |  1- 3 |  4- 6 || total
-------------------------+-------+-------++-------
Melee: Unarmed           |    26 |       ||    26
 Cast: Flame Tongue      |    75 |    26 ||   101
  Use: Scroll            |     4 |     1 ||     5
Armor: Robe              |     6 |     3 ||     9
Dodge: Dodged            |    46 |     8 ||    54

Table legend:
 A = Non-vault XP
 B = Vault XP
 C = Vault XP percentage of total XP
 D = Non-vault monster count
 E = Vault monster count
 F = Vault count percentage of total count
                 A         B        C        D         E       F
            +---------+---------+-------+---------+---------+-------
      Total |     125 |       0 |   0.0 |      47 |       0 |   0.0
            +---------+---------+-------+---------+---------+-------
        D:1 |      55 |       0 |   0.0 |      28 |       0 |   0.0
        D:2 |      64 |       0 |   0.0 |      15 |       0 |   0.0
        D:3 |       6 |       0 |   0.0 |       4 |       0 |   0.0
            +---------+---------+-------+---------+---------+-------
